 Dungeon Crawl Stone Soup version 0.29.1-2-gbd0b4ee654 (webtiles) character file.

Game seed: 1813224692488437525

17406 zeram the Basher (level 12, -1/77 HPs)
             Began as a Gargoyle Fighter on Nov 13, 2022.
             Was an Initiate of Gozag.
             Slain by a sixfirhy (10 damage)
             ... summoned by an orc high priest
             ... on level 2 of the Orcish Mines.
             The game lasted 00:31:40 (11398 turns).

zeram the Basher (Gargoyle Fighter)                Turns: 11398, Time: 00:31:41

Health: -1/77      AC: 34    Str: 32    XL:     12   Next: 47%
Magic:  12/12      EV: 13    Int: 12    God:    Gozag
Gold:   1021       SH:  7    Dex:  9    Spells: 11/11 levels left

rFire   . . .      SeeInvis .   k - +6 whip of Majestic Valiance {protect, rPois Int+4}
rCold   . . .      Faith    .   c - +1 buckler
rNeg    + . .      Spirit   .   E - +0 plate armour
rPois   ∞          Reflect  .   o - +1 helmet
rElec   +          Harm     .   (no cloak)
rCorr   .          Rampage  +   (no gloves)
Will    .....                   t - +0 pair of boots {rampage}
Stlth   ..........              B - amulet of regeneration
HPRegen 1.02/turn               D - +4 ring of evasion
MPRegen 0.13/turn               C - ring "Nemacith" {rElec rPois Str+6 Slay+2 Stlth-}

@: about to teleport, under a protective aura
A: sickness immunity, AC +8, negative energy resistance 1, electricity
resistance, torment resistance 1, petrification resistance
a: Renounce Religion, Potion Petition, Call Merchant, Bribe Branch


You were on level 2 of the Orcish Mines.
You worshipped Gozag.
Gozag was most pleased with you.
You visited 3 branches of the dungeon, and saw 14 of its levels.

You collected 2239 gold pieces.
You spent 1017 gold pieces at shops.
You paid 201 gold pieces to Gozag.

Inventory:

Hand Weapons
 a - a +2 flail
 k - the +6 whip of Majestic Valiance (weapon) {protect, rPois Int+4}
   (You found it on level 2 of the Dungeon)

   It grants its wielder temporary protection when it strikes (+7 to AC).
   Int:       It affects your intelligence (+4).
   rPois:     It protects you from poison.
Missiles
 q - 5 throwing nets (quivered)
Armour
 b - a +2 pair of boots
 c - a +1 buckler (worn)
 o - a +1 helmet (worn)
 t - a +0 pair of boots of rampaging (worn)
 E - a +0 plate armour (worn)
Jewellery
 z - a ring of flight
 B - an amulet of regeneration (around neck)
 C - the ring "Nemacith" (right hand) {rElec rPois Str+6 Slay+2 Stlth-}
   (You found it on level 10 of the Dungeon)

   [ring of strength]

   Str:       It affects your strength (+6).
   Slay:      It affects your accuracy & damage with ranged weapons and melee
   (+2).
   rElec:     It insulates you from electricity.
   rPois:     It protects you from poison.
   Stlth:     It makes you less stealthy.
 D - a +4 ring of evasion (left hand)
Wands
 u - a wand of charming (13)
 w - a wand of iceblast (14)
 x - a wand of flame (20)
 y - a wand of mindburst (13)
 H - a wand of quicksilver (5)
 K - a wand of digging (7)
Scrolls
 g - a scroll of teleportation
 m - 2 scrolls of poison
 n - 6 scrolls of fog
 A - 2 scrolls of amnesia
 J - a scroll of fear
Potions
 d - a potion of invisibility
 e - 2 potions of lignification
 f - 14 potions of curing
 i - 4 potions of heal wounds
 j - 4 potions of brilliance
 l - a potion of degeneration {unknown}
 p - 2 potions of cancellation
 r - a potion of mutation
 s - 2 potions of attraction {unknown}
 v - a potion of flight {unknown}
 F - a potion of magic
 G - 3 potions of haste


   Skills:
 + Level 9.7 Fighting
 + Level 12.1 Maces & Flails
 + Level 10.6 Armour
 + Level 4.5 Dodging
 + Level 10.6 Shields


You had 11 spell levels left.
You didn't know any spells.
Your spell library contained the following spells:

 Spells                   Type           Power      Damage    Failure   Level
 Magic Dart               Conj           0%         1d3       94%         1
 Necrotise                Necr           0%         1d4       94%         1
 Searing Ray              Conj           0%         2d4       98%         2
 Wereblood                Tmut           0%         N/A       98%         2
 Vampiric Draining        Necr           0%         2d6       100%        3
 Fulminant Prism          Conj/Hex       0%         3d6       100%        4
 Agony                    Necr           0%         N/A       100%        5
 Freezing Cloud           Conj/Ice/Air   0%         6-21      100%        5
 Summon Hydra             Summ           0%         N/A       100%        7
 Polar Vortex             Ice            0%         N/A       100%        9
 Sublimation of Blood     Necr           Unusable   N/A       N/A         2
 Simulacrum               Ice/Necr       Unusable   N/A       N/A         6

Dungeon Overview and Level Annotations

Branches:
Dungeon (11/15)            Temple (1/1) D:5            Lair (0/5) D:11
    Orc (2/2) D:10
    Elf: Orc:2

Altars:
Ashenzari
Cheibriados
Dithmenos
Elyvilon
Fedhas
Gozag
Hepliaklqana
Kikubaaqudgha
Makhleb
Nemelex Xobeh
Okawaru
Qazlal
Ru
Sif Muna
Trog
Uskayaw
Vehumet
Wu Jian
Xom
Yredelemnul
Zin
The Shining One

Shops:
D:3 *   D:6 (   D:9 !   Orc:1 !   Orc:2 [


Innate Abilities, Weirdness & Mutations

You are immune to sickness and miasma.
Your stone body is resilient. (AC +8)
You are immune to poison.
You resist negative energy. (rN+)
You are resistant to electric shocks. (rElec)
You are resistant to unholy torment.
You are immune to petrification.


Message History

The troll is severely wounded.
The sixfirhy hits you. The sixfirhy shocks you. You resist.
The troll bites you but does no damage. You block the troll's attack.
The troll claws you.
The orc high priest hits you but does no damage.
The sixfirhy hits you! The sixfirhy shocks you. You resist.
The hellwing hits you!
The hellwing hits you but does no damage.
You hit the troll.
The troll is severely wounded.
The sixfirhy hits you but does no damage.
As you read the scroll of teleportation, it crumbles to dust.
You feel strangely unstable. You block the orc high priest's attack.
You block the troll's attack. The troll misses you.
The troll barely misses you. The hellwing hits you.
The hellwing hits you but does no damage.
The smoke demon hits you but does no damage. x2
The smoke demon barely misses you. The sixfirhy attacks as you move away!
You block the sixfirhy's attack.
The orc high priest shouts!
The orc high priest mumbles some strange prayers to Beogh against you.
Beogh smites you!
* * * LOW HITPOINT WARNING * * *
The smoke demon hits you but does no damage.
You block the smoke demon's attack. The smoke demon barely misses you.
The sixfirhy hits you but does no damage.
The hellwing swoops through the air toward you!
The hellwing hits you but does no damage.
You block the hellwing's attack. The troll attacks as you move away!
The troll bites you!
* * * LOW HITPOINT WARNING * * *
The troll claws you but does no damage. You block the troll's attack.
The sixfirhy attacks as you move away! The sixfirhy hits you.
* * * LOW HITPOINT WARNING * * *
The sixfirhy shocks you. You resist.
* * * LOW HITPOINT WARNING * * *
The sixfirhy hits you but does no damage.
The sixfirhy hits you!
You die...
Your body crumbles into a pile of gold.

#........)....................###
#........P).P................#.##
##........P)....................#
#.......).....∩........#)......##
##...#..........8......[#......#
##...#.................##).)..##
##.##........P..P.....##<.....#
###...........P..........##.##
#..........4@.......##...###
##..........3.......#...##
##.......T.............#
...#....o.....o.......#
...##...3...............
..#.................#.##
..................
..................
.................


You could see 2 orc high priests, a hellwing (summoned), a troll, a sixfirhy
(summoned) and a smoke demon (summoned).

Vanquished Creatures
  An orc warlord (Orc:1)
  Harold (D:10)
  A two-headed ogre (D:9)
  An ogre mage (D:10)
  2 orc knights
  An orc sorcerer (Orc:2)
  A manticore (D:10)
  Joseph (D:10)
  A gargoyle (D:11)
  Maggie (D:7)
  A tengu conjurer (D:9)
  3 kobold demonologists
  A polar bear (D:11)
  7 trolls
  2 shadows (D:10)
  6 yaks (D:11)
  A wraith (D:11)
  2 unseen horror simulacra (D:9)
  2 steam dragons
  2 wargs (Orc:1)
  2 water moccasins
  An acid dragon (D:8)
  17 orc warriors
  2 black bears
  5 ice beasts
  2 sky beasts
  3 ogres
  2 wolves (D:9)
  6 centaurs
  A phantom (D:10)
  14 kobold brigands
  A bullfrog (D:7)
  2 necrophages
  A gnoll sergeant (D:8)
  4 wights (D:7)
  14 killer bees
  2 troll zombies (D:10)
  3 electric eels
  2 howler monkeys
  A jelly (D:5)
  3 hounds
  8 orc priests
  4 iguanas
  14 orc wizards
  Ijyb (D:5)
  4 ogre zombies (D:10)
  3 centaur simulacra
  8 gnolls
  5 adders
  5 white imps
  A howler monkey simulacrum (D:9)
  An ufetubus (D:5)
  2 worms (D:2)
  A dart slug (D:1)
  45 orcs
  4 endoplasms
  2 giant cockroaches (D:4)
  6 goblins
  5 hobgoblins
  4 jackals (D:2)
  5 quokkas
  2 ball pythons
  3 bats
  5 frilled lizards
  A goblin skeleton (D:10)
  3 goblin zombies (D:10)
  4 hobgoblin skeletons (D:10)
  2 hobgoblin zombies (D:10)
  33 kobolds
  An orc skeleton (D:10)
  8 orc zombies (D:10)
  6 rats
  A spectral orc (D:4)
323 creatures vanquished.

Vanquished Creatures (others)
  2 orcs
  6 fungi (Orc:2)
  11 plants (D:7)
19 creatures vanquished.

Grand Total: 342 creatures vanquished

Notes
Turn   | Place    | Note
-------+----------+-------------------------------------------
     0 | D:1      | zeram the Gargoyle Fighter began the quest for the Orb.
     0 | D:1      | Reached XP level 1. HP: 14/14 MP: 1/1
   178 | D:1      | Reached XP level 2. HP: 19/19 MP: 2/2
   638 | D:1      | Found a faded altar of an unknown god.
   981 | D:2      | Identified the +6 whip of Majestic Valiance {protect, rPois
                  | Int+4}
  1022 | D:2      | Reached XP level 3. HP: 22/23 MP: 3/3
  1562 | D:2      | Found a glowing golden altar of the Shining One.
  1722 | D:3      | Reached XP level 4. HP: 20/29 MP: 4/4
  1884 | D:3      | Found a shimmering altar of Xom.
  2273 | D:3      | Found a hide-covered altar of Uskayaw.
  2309 | D:3      | Found Qafan's General Store.
  2517 | D:4      | Reached skill level 3 in Maces & Flails
  2517 | D:4      | Reached XP level 5. HP: 26/33 MP: 5/5
  2995 | D:4      | Found a basalt altar of Yredelemnul.
  3161 | D:4      | Noticed a black bear
  3176 | D:4      | Killed a black bear
  3177 | D:4      | Reached skill level 1 in Dodging
  3177 | D:4      | Reached XP level 6. HP: 36/38 MP: 6/6
  3296 | D:5      | Entered Level 5 of the Dungeon
  3299 | D:5      | Noticed an ice beast
  3313 | D:5      | Killed an ice beast
  3314 | D:5      | Reached skill level 4 in Maces & Flails
  3314 | D:5      | Reached skill level 5 in Armour
  3613 | D:5      | Reached XP level 7. HP: 43/43 MP: 7/7
  3644 | D:5      | Noticed Ijyb
  3669 | D:5      | Killed Ijyb
  3812 | D:5      | Found a staircase to the Ecumenical Temple.
  3826 | D:5      | HP: 2/44 [ice beast (11)]
  4139 | D:5      | Reached skill level 5 in Maces & Flails
  4995 | D:6      | Found a shadowy altar of Dithmenos.
  5069 | D:6      | Reached XP level 8. HP: 41/48 MP: 8/8
  5193 | D:6      | Found a radiant altar of Vehumet.
  5254 | D:6      | Found Xoit Doipli's Firing Range.
  5328 | D:7      | Reached skill level 5 in Fighting
  5330 | D:7      | Reached skill level 5 in Shields
  5531 | D:7      | Found a shimmering blue altar of Sif Muna.
  5532 | D:7      | Found a bloodstained altar of Trog.
  5539 | D:7      | Found a glowing silver altar of Zin.
  5559 | D:7      | Reached skill level 6 in Maces & Flails
  5559 | D:7      | Found an ornate altar of the Wu Jian Council.
  5802 | D:7      | Reached XP level 9. HP: 54/55 MP: 9/9
  5817 | D:7      | Reached skill level 7 in Maces & Flails
  5945 | D:7      | Noticed Maggie
  5963 | D:7      | Killed Maggie
  6392 | D:8      | Reached skill level 8 in Maces & Flails
  6853 | D:8      | Reached XP level 10. HP: 61/61 MP: 10/10
  6860 | D:8      | Noticed a kobold demonologist
  6875 | D:8      | Killed a kobold demonologist
  6902 | D:8      | Reached skill level 9 in Maces & Flails
  6992 | D:8      | Found a hazy altar of Hepliaklqana.
  7378 | Temple   | Entered the Ecumenical Temple
  7482 | Temple   | Became a worshipper of Gozag Ym Sagoz the Greedy
  7680 | D:9      | Found Sariced's Distillery.
  7685 | D:9      | Bought a potion of heal wounds for 50 gold pieces
  7685 | D:9      | Bought a potion of curing for 30 gold pieces
  7685 | D:9      | Bought a potion of heal wounds for 50 gold pieces
  7685 | D:9      | Bought a potion of heal wounds for 50 gold pieces
  7685 | D:9      | Bought a potion of magic for 80 gold pieces
  7685 | D:9      | Bought a potion of might for 40 gold pieces
  7685 | D:9      | Bought a potion of haste for 100 gold pieces
  7787 | D:9      | Found a flagged portal.
  7810 | D:9      | Noticed a two-headed ogre
  8133 | D:9      | Killed a two-headed ogre
  8177 | D:9      | Reached skill level 10 in Maces & Flails
  8384 | D:9      | Found a stormy altar of Qazlal.
  8435 | D:9      | Reached XP level 11. HP: 59/68 MP: 11/11
  8535 | D:10     | Entered Level 10 of the Dungeon
  8630 | D:10     | Identified the ring "Nemacith" {rElec rPois Str+6 Slay+2
                  | Stlth-}
  8648 | D:10     | Found a staircase to the Orcish Mines.
  8905 | D:10     | Noticed Harold
  8905 | D:10     | Noticed Joseph
  8925 | D:10     | Killed Harold
  8946 | D:10     | Killed Joseph
  9197 | D:10     | Noticed an ogre mage
  9197 | D:10     | Noticed a manticore
  9208 | D:10     | Killed an ogre mage
  9209 | D:10     | Reached skill level 11 in Maces & Flails
  9216 | D:10     | Killed a manticore
  9301 | D:10     | Noticed a soul eater
  9308 | D:10     | Noticed a sixfirhy
  9553 | D:10     | Found a burning altar of Makhleb.
  9937 | D:11     | Reached skill level 10 in Shields
 10023 | D:11     | Found a staircase to the Lair.
 10078 | Orc:1    | Entered Level 1 of the Orcish Mines
 10156 | Orc:1    | Noticed an orc knight
 10156 | Orc:1    | Noticed an orc warlord
 10156 | Orc:1    | Noticed an orc knight
 10211 | D:10     | Reached XP level 12. HP: 73/76 MP: 12/12
 10469 | Orc:1    | Reached skill level 10 in Armour
 10757 | Orc:1    | Killed an orc warlord
 10864 | Orc:2    | Entered Level 2 of the Orcish Mines
 10874 | Orc:2    | Noticed an orc warlord
 10875 | Orc:2    | Noticed an orc high priest
 10879 | Orc:2    | Noticed an orc high priest
 10931 | Orc:1    | Found Cuwnuitsa's Distillery.
 11008 | Orc:1    | Reached skill level 12 in Maces & Flails
 11018 | Orc:1    | Bought a potion of heal wounds for 55 gold pieces
 11018 | Orc:1    | Bought a potion of curing for 33 gold pieces
 11018 | Orc:1    | Bought a potion of brilliance for 44 gold pieces
 11018 | Orc:1    | Bought a potion of invisibility for 88 gold pieces
 11018 | Orc:1    | Bought a potion of heal wounds for 55 gold pieces
 11018 | Orc:1    | Bought a potion of haste for 110 gold pieces
 11082 | Orc:2    | Noticed a sun demon
 11325 | Orc:2    | Found Okkiuli's Antique Armour Shoppe.
 11375 | Orc:2    | Bought a pair of embroidered boots for 232 gold pieces
 11380 | Orc:2    | Noticed an orc high priest
 11398 | Orc:2    | Slain by a sixfirhy

Illustrated notes

Levels and vault maps discovered:
D:1:      elethiomel_arrival_quiet, layout_basic,
          hellmonk_ecumenical_altar_leap_of_faith
D:2:      layout_basic, basic_altar, minmay_pentomino_z2
D:3:      layout_basic, mainiacjoe_overflow_alcove_2,
          brannock_xom_greatest_gift, serial_shops, nicolae_shop_waterfront,
          minivault_19
D:4:      layout_basic, yredelemnul_forgotten_temple_becter
D:5:      layout_layer_cave, minmay_temple_entry_sparse_star,
          chequers_serial_rivers_micro_e, st_stairs_5, uniq_ijyb
D:6:      layout_rooms, lemuel_round_altar, vehumet_altar_wand_db,
          grunt_ministairs_7, nicolae_shop_firing_range
D:7:      layout_loops_ring, mainiacjoe_overflow_chevrons,
          gammafunk_temple_overflow_forgotten, uniq_maggie
D:8:      layout_basic, amcnicky_altar_gilded, special_room
          [special_room_kobold], kennysheep_small_square
D:9:      layout_long_grid, mainiacjoe_overflow_surrounded_room, enter_bailey_1,
          serial_shops, shop_statue, serial_ice, serial_ice_j, serial_ice_a,
          serial_ice_f, serial_ice_c, serial_ice_n, serial_ice_g,
          kennysheep_generic_room_9
D:10:     layout_irregular_city, lemuel_coloured_pillars_altar,
          zombieorc1_lemuel, minivault_20, uniq_joseph, uniq_harold
D:11:     layout_cross, lair_entry_dummy, serial_ice, serial_ice_b,
          serial_ice_i, serial_ice_e, serial_ice_o, serial_shops,
          nicolae_square_shop
Temple:   hellmonk_temple_beads
Orc:1:    cheibrodos_orc_arena, layout_caves, basic_altar, serial_shops, shop,
          uniq_sonja
Orc:2:    grunt_orc_gardens, layout_caves, grunt_orc_garden, grunt_orc_garden,
          grunt_orc_garden, grunt_orc_garden

Skill      XL: |  1  2  3  4  5  6  7  8  9 10 11 12 |
---------------+-------------------------------------+-----
Armour         | 4 5 6 7 8 9 10 | 10.6
Maces & Flails | 3 4 5 6 8 10 11 12 | 12.1
Fighting       | 4 5 6 7 9 |  9.7
Shields        | 4 5 6 8 10 | 10.6
Dodging        | 1 2 3 4 |  4.5

Action                   |  1- 3 |  4- 6 |  7- 9 | 10-12 || total
-------------------------+-------+-------+-------+-------++-------
Melee: Flail             |    54 |       |       |       ||    54
       Whip              |    50 |   100 |   381 |  1003 ||  1534
  Use: Scroll            |     3 |     4 |    11 |     9 ||    27
       Potion            |       |     1 |     1 |     9 ||    11
 Stab: Distracted        |       |       |       |     1 ||     1
Armor: Scale mail        |    50 |    39 |   181 |       ||   270
       Plate armour      |       |       |    12 |   537 ||   549
Dodge: Dodged            |    41 |    37 |   197 |   496 ||   771
Block: Buckler           |    21 |    30 |    96 |   331 ||   478
